 Dungeon Crawl Stone Soup version 0.28.0-49-g6dfe1f597d (webtiles) character file.

Game seed: 17989249878201851566

102 nickcage the Poker (level 4, -9/33 HPs)
             Began as a Merfolk Gladiator on May 17, 2022.
             Mangled by an orc priest
             ... wielding a +0 morningstar
              (11 damage)
             ... on level 3 of the Dungeon.
             The game lasted 00:03:04 (2262 turns).

nickcage the Poker (Merfolk Gladiator)              Turns: 2262, Time: 00:03:05

Health: -9/33      AC:  7    Str: 16    XL:     4   Next: 77%
Magic:  4/4        EV: 15    Int:  7    God:
Gold:   125        SH:  0    Dex: 15    Spells: 3/3 levels left

rFire   . . .      SeeInvis .   a - +0 trident
rCold   . . .      Faith    .   (no shield)
rNeg    . . .      Spirit   .   o - +0 scale mail
rPois   .          Reflect  .   c - +0 helmet
rElec   .          Harm     .   (no cloak)
rCorr   .          Rampage  .   (no gloves)
Will    .....                   (no boots)
Stlth   ..........              (no amulet)
HPRegen 0.11/turn               m - +4 ring of evasion
MPRegen 0.09/turn               (no ring)

@: confused
A: (nimble swimmer 2), mertail
a: no special abilities


You were on level 3 of the Dungeon.
You visited 1 branch of the dungeon, and saw 3 of its levels.

You collected 125 gold pieces.

Inventory:

Hand Weapons
 a - a +0 trident (weapon)
Missiles
 d - 3 throwing nets (quivered)
Armour
 b - a +0 leather armour
 c - a +0 helmet (worn)
 o - a +0 scale mail (worn)
Jewellery
 m - a +4 ring of evasion (left hand)
Wands
 n - a wand of charming (11)
Scrolls
 f - 2 scrolls of vulnerability {unknown}
 g - a scroll of enchant armour {unknown}
 i - a scroll of teleportation {unknown}
 l - a scroll of blinking {unknown}
Potions
 e - a potion of magic {unknown}
 h - a potion of flight {unknown}
 j - a potion of ambrosia {unknown}
 k - a potion of curing {unknown}


   Skills:
 - Level 2.1 Fighting
 + Level 7.8 Polearms
 - Level 2.0 Throwing
 - Level 4.0 Dodging


You had 3 spell levels left.
You didn't know any spells.
Your spell library contained the following spells:

 Spells                   Type           Power      Damage    Failure   Level
 Animate Skeleton         Necr           0%         N/A       87%         1
 Pain                     Necr           0%         1d4       87%         1
 Vampiric Draining        Necr           0%         2d6       99%         3


Dungeon Overview and Level Annotations

Branches:
Dungeon (3/15)

Altars:


Innate Abilities, Weirdness & Mutations

((You are very nimble when in or above water. (Stealth+, EV+, Speed+++)))
Your lower body shifts to a powerful aquatic tail in water.


Message History

You are too confused!
You barely miss the orc wizard. The orc priest closely misses you.
The orc wizard barely misses you.
You bump into the rock wall.
The orc priest invokes the aid of Beogh against you.
Pain shoots through your body! The orc wizard closely misses you.
You miss the orc wizard. The orc priest closely misses you.
The orc wizard points at you and mumbles some strange words.
You are more confused.
You closely miss the orc priest.
The orc priest is almost dead.
The orc priest hits you with a +0 morningstar.
The orc wizard hits you with a +0 dagger.
* * * LOW HITPOINT WARNING * * *
You barely miss the orc wizard. The orc priest barely misses you.
You bump into the rock wall.
The orc wizard casts a spell at you. You resist with some effort.
The orc priest invokes the aid of Beogh against you.
Beogh smites you!
* * * LOW HITPOINT WARNING * * *
You barely miss the orc priest.
The orc priest is almost dead.
The orc wizard misses you. The orc priest misses you.
The orc priest barely misses you.
You barely miss the orc priest.
The orc priest is almost dead.
The orc wizard casts a spell at you. The puff of flame misses you.
The orc priest closely misses you.
You closely miss the orc wizard.
The orc wizard hits you but does no damage.
The orc priest barely misses you.
You bump into the rock wall.
The orc wizard hits you but does no damage.
The orc priest barely misses you.
You're too confused to move!
The orc wizard casts a spell at you.
The magic dart hits you but does no damage.
The orc priest hits you with a +0 morningstar!
You die...

.#######.# #.#
#.# .#######.#
.........#######
.#######........
#.######.
#.######.#
#o@......#
.......o######.#
#######.# #.#
... #.# #.# #.#


You could see an orc priest and an orc wizard.

Vanquished Creatures
  A bullfrog skeleton (D:3)
  An iguana (D:3)
  A worm (D:2)
  A dart slug (D:1)
  3 orcs (D:3)
  4 ball pythons
  4 endoplasms
  8 giant cockroaches
  A hobgoblin (D:2)
  5 kobolds
  3 bats
  3 frilled lizards
  3 goblins
  4 rats
42 creatures vanquished.

Notes
Turn   | Place    | Note
-------+----------+-------------------------------------------
     0 | D:1      | nickcage the Merfolk Gladiator began the quest for the Orb.
     0 | D:1      | Reached XP level 1. HP: 16/16 MP: 1/1
   200 | D:1      | Reached skill level 5 in Polearms
   223 | D:1      | Reached XP level 2. HP: 20/22 MP: 2/2
   984 | D:1      | Reached skill level 6 in Polearms
   984 | D:1      | Reached XP level 3. HP: 27/27 MP: 3/3
  2158 | D:3      | Reached skill level 7 in Polearms
  2158 | D:3      | Reached XP level 4. HP: 33/33 MP: 4/4
  2256 | D:3      | HP: 1/33 [orc priest/divine providence (8)]
  2262 | D:3      | Mangled by an orc priest

Illustrated notes

Levels and vault maps discovered:
D:1:      matt_arrival_spirals, layout_loops_corners
D:2:      layout_basic
D:3:      layout_basic, shapermc_ecumenical_altar_ellora

Skill      XL: |  1  2  3 |
---------------+----------+-----
Polearms       | 5 6 7 |  7.8
Fighting       | |  2.1
Throwing       | |  2.0
Dodging        | |  4.0

Action                   |  1- 3 |  4- 6 || total
-------------------------+-------+-------++-------
Melee: Trident           |   110 |    31 ||   141
       Punch             |       |     1 ||     1
 Stab: Sleeping          |     4 |       ||     4
Armor: Leather armour    |    19 |       ||    19
       Scale mail        |       |     8 ||     8
Dodge: Dodged            |    47 |    22 ||    69
